 Dungeon Crawl Stone Soup version 0.30.1-3-gfc49f6343a (webtiles) character file.

Game seed: 7689540187978850923

6780 BillyBaka the Skirmisher (level 11, -5/85 HPs)
             Began as a Gnoll Hunter on Aug 4, 2023.
             Was a Priest of Uskayaw.
             Slain by a black mamba (12 damage)
             ... on level 9 of the Dungeon on Aug 5, 2023.
             The game lasted 00:46:12 (10220 turns).

BillyBaka the Skirmisher (Gnoll Hunter)            Turns: 10220, Time: 00:46:13

Health: -5/85      AC: 11    Str: 11    XL:     11   Next: 5%
Magic:  0/29       EV: 14    Int:  9    God:    Uskayaw [***...]
Gold:   677        SH:  0    Dex: 19    Spells: 22/22 levels left

rFire   + . .        b - +2 great sword (drain)
rCold   + . .        (shield currently unavailable)
rNeg    . . .        G - +3 ring mail
rPois   +            m - +0 helmet
rElec   +            J - +0 cloak
rCorr   +            (no gloves)
SInv    +            (no boots)
Will    .....        n - amulet of guardian spirit
Stlth   +++          q - ring of magical power
HPRegen 0.34/turn    I - ring of see invisible
MPRegen 0.21/turn

%: guardian spirit
@: resistant
A: fangs 1, strong nose, distributed training
a: Renounce Religion, Stomp, Line Pass


You were on level 9 of the Dungeon.
You worshipped Uskayaw.
Uskayaw was noncommittal.
You visited 3 branches of the dungeon, and saw 11 of its levels.
You also visited: Ossuary.

You collected 677 gold pieces.

Inventory:

Hand Weapons
 a - a +0 shortbow
 b - a +2 great sword of draining (weapon)
 L - a +2 scimitar
 Q - the +5 rapier of Nightmares {flame, rN+ Int+3 SInv}
   (You found it on level 9 of the Dungeon)

   Int:       It affects your intelligence (+3).
   rN:        It protects you from negative energy.
   SInv:      It lets you see invisible.
Missiles
 p - 2 throwing nets
Armour
 m - a +0 helmet (worn)
 G - a +3 ring mail (worn)
 H - a +0 troll leather armour
 J - a +0 cloak (worn)
 N - a +2 robe of positive energy
Jewellery
 n - an amulet of guardian spirit (around neck)
 q - a ring of magical power (left hand)
 C - an amulet of magic regeneration
 I - a ring of see invisible (right hand)
Wands
 w - a wand of quicksilver (17)
 D - a wand of mindburst (22)
 F - a wand of charming (9)
 O - a wand of flame (9)
Scrolls
 e - 5 scrolls of enchant weapon
 k - a scroll of brand weapon {unknown}
 l - 2 scrolls of poison {unknown}
 r - 2 scrolls of magic mapping
 t - 2 scrolls of butterflies
 u - 3 scrolls of teleportation {unknown}
 v - 3 scrolls of noise
 x - 5 scrolls of immolation
 y - a scroll of amnesia {unknown}
 A - 2 scrolls of vulnerability {unknown}
 B - 2 scrolls of fear
Potions
 c - a potion of invisibility {unknown}
 f - 3 potions of mutation {unknown}
 g - 2 potions of attraction
 h - 2 potions of might
 i - 3 potions of resistance
 j - 3 potions of curing
 o - 2 potions of magic {unknown}
 s - 5 potions of flight {unknown}
 z - 2 potions of ambrosia {unknown}
 E - a potion of cancellation {unknown}
 K - a potion of haste {unknown}
 M - a potion of degeneration {unknown}
Miscellaneous
 P - a lightning rod (4/4) (quivered)


   Skills:
 + Level 7.7 Fighting
 + Level 6.1 Short Blades
 + Level 6.1 Long Blades
 + Level 6.1 Axes
 + Level 6.1 Maces & Flails
 + Level 6.1 Polearms
 + Level 6.1 Staves
 + Level 10.5 Ranged Weapons
 + Level 6.1 Throwing
 + Level 6.1 Armour
 + Level 7.7 Dodging
 + Level 6.6 Stealth
 + Level 6.1 Shields
 + Level 6.1 Unarmed Combat
 + Level 6.1 Spellcasting
 + Level 5.0 Conjurations
 + Level 5.0 Hexes
 + Level 5.0 Summonings
 + Level 5.0 Necromancy
 + Level 5.0 Translocations
 + Level 5.0 Transmutations
 + Level 5.0 Fire Magic
 + Level 5.0 Ice Magic
 + Level 5.0 Air Magic
 + Level 5.0 Earth Magic
 + Level 5.0 Poison Magic
 + Level 6.7 Invocations
 + Level 6.1 Evocations


You had 22 spell levels left.
You didn't know any spells.
Your spell library contained the following spells:

 Spells                   Type           Power      Damage    Failure   Level
 Kiss of Death            Conj/Necr      44%        2d8       6%          1
 Magic Dart               Conj           44%        1d5       6%          1
 Ensorcelled Hibernation  Hex/Ice        22%        N/A       9%          2
 Searing Ray              Conj           22%        2d5       9%          2
 Confusing Touch          Hex            11%        N/A       17%         3
 Spider Form              Tmut/Pois      11%        N/A       17%         3
 Stone Arrow              Conj/Erth      22%        3d8       17%         3
 Anguish                  Hex/Necr       5%         N/A       50%         4
 Animate Armour           Summ/Erth      22%        N/A       50%         4
 Dispel Undead            Necr           11%        3d9       50%         4
 Fulminant Prism          Conj/Hex       5%         3d6       50%         4
 Petrify                  Tmut/Erth      11%        N/A       50%         4
 Metabolic Englaciation   Hex/Ice        5%         N/A       85%         5
 Statue Form              Tmut/Erth      7%         N/A       100%        6
 Lehudib's Crystal Spear  Conj/Erth      5%         10d3      100%        8


Dungeon Overview and Level Annotations

Branches:
Dungeon (9/15)             Temple (1/1) D:4            Lair (1/5) D:9
    Orc (0/2) D:9         Ossuary (visited)

Altars:
Ashenzari
Cheibriados
Dithmenos
Elyvilon
Fedhas
Gozag
Hepliaklqana
Kikubaaqudgha
Makhleb
Nemelex Xobeh
Okawaru
Qazlal
Ru
Sif Muna
Trog
Uskayaw
Vehumet
Wu Jian
Xom
Yredelemnul
Zin
The Shining One

Shops:
D:7 :   D:9 =


Innate Abilities, Weirdness & Mutations

You have very sharp teeth.
Your uncanny sense of smell can sniff out nearby items.
Your experience applies equally to all skills.


Message History

The black mamba bites you.
You are poisoned.
The black mamba poisons you! The centaur warrior hits you!
* * * LOW HITPOINT WARNING * * *
The centaur warrior misses you. The black mamba completely misses you.
The centaur warrior hits you but does no damage.
The centaur warrior kicks you.
* * * LOW HITPOINT WARNING * * *
The black mamba barely misses you.
You feel better. The centaur warrior hits you!
* * * LOW HITPOINT WARNING * * *
The centaur warrior kicks you.
* * * LOW HITPOINT WARNING * * *
The black mamba closely misses you. The centaur warrior barely misses you.
The centaur warrior kicks you.
* * * LOW HITPOINT WARNING * * *
You slash the centaur warrior! You drain the centaur warrior.
The centaur warrior is severely wounded.
The black mamba bites you but does no damage. x2
The centaur warrior closely misses you.
The centaur warrior kicks you but does no damage.
The black mamba completely misses you. The centaur warrior closely misses you.
The centaur warrior kicks you but does no damage.
Uskayaw will force your foes to helplessly watch your dance.
Uskayaw prepares the audience for your solo!
The helpless centaur warrior fails to defend itself.
You hit the centaur warrior.
The centaur warrior is severely wounded.
The centaur warrior is no longer paralysed.
The centaur warrior hits you.
* * * LOW HITPOINT WARNING * * *
The centaur warrior kicks you but does no damage.
The centaur warrior misses you.
The centaur warrior kicks you but does no damage.
You slash the centaur warrior!
The centaur warrior is almost dead.
The black mamba is no longer paralysed.
The centaur warrior hits you.
* * * LOW HITPOINT WARNING * * *
The centaur warrior misses you. The black mamba bites you!
You die...

#.###.####### #.#
#...........# #.#
#####.#####.# #.# #.#####.#
#.# #.......# #.# #..######
#.# #..# #.# #††# #.# #.@#
#.# # #cS# #.# #
######..#########.# #
#..<..............#
##########.#####.###########
..........[# #.#
################.# #
#..........# # #.#######..#


You could see a centaur warrior (drained) and a black mamba.

Vanquished Creatures
  2 black mambas
  A cane toad (Lair:1)
  Psyche (D:9)
  A komodo dragon (Lair:1)
  2 trolls
  A shadow (D:9)
  9 yaks
  A steam dragon (D:9)
  3 orc warriors
  A water moccasin (Lair:1)
  An ice beast (D:6)
  A sky beast (D:4)
  2 black bears
  4 centaurs
  2 elf zombies (Ossuary)
  A phantom (D:5)
  2 kobold brigands
  3 bullfrogs
  A gnoll sergeant (D:9)
  4 scorpions
  3 wights (D:8)
  12 killer bees
  2 howler monkeys (D:9)
  A human zombie (Ossuary)
  4 hounds
  2 orc priests (D:5)
  A gnoll bouda (D:6)
  2 iguanas
  4 orc wizards
  3 mummies (Ossuary)
  Robin (D:4)
  5 gnolls (D:7)
  7 adders
  2 shadow imps (D:5)
  2 white imps
  An ufetubus (D:5)
  An adder zombie (Ossuary)
  A worm (D:2)
  4 dart slugs
  25 orcs
  7 ball pythons
  8 endoplasms
  A gnoll zombie (Ossuary)
  16 goblins
  10 hobgoblins
  9 jackals
  8 kobolds
  6 quokkas
  2 bats
  3 frilled lizards (D:2)
  5 goblin zombies (Ossuary)
  3 kobold zombies (Ossuary)
  2 quokka zombies (Ossuary)
  5 rats
  3 rat zombies (Ossuary)
214 creatures vanquished.

Notes
Turn   | Place    | Note
-------+----------+-------------------------------------------
     0 | D:1      | BillyBaka the Gnoll Hunter began the quest for the Orb.
     0 | D:1      | Reached XP level 1. HP: 20/20 MP: 1/1
   122 | D:1      | Reached XP level 2. HP: 26/26 MP: 2/2
   579 | D:2      | Reached XP level 3. HP: 22/31 MP: 2/4
   621 | D:2      | Reached skill level 1 in Invocations
   684 | D:2      | Found an ancient bone altar of Kikubaaqudgha.
   757 | D:2      | Reached skill level 1 in Short Blades
   757 | D:2      | Reached skill level 1 in Long Blades
   757 | D:2      | Reached skill level 1 in Axes
   757 | D:2      | Reached skill level 1 in Maces & Flails
   757 | D:2      | Reached skill level 1 in Polearms
   757 | D:2      | Reached skill level 1 in Staves
   757 | D:2      | Reached skill level 1 in Throwing
   757 | D:2      | Reached skill level 1 in Armour
   757 | D:2      | Reached skill level 1 in Shields
   757 | D:2      | Reached skill level 1 in Unarmed Combat
   757 | D:2      | Reached skill level 1 in Spellcasting
   757 | D:2      | Reached skill level 1 in Evocations
  1150 | D:3      | Reached XP level 4. HP: 38/38 MP: 5/5
  1272 | D:3      | Found a radiant altar of Vehumet.
  1352 | D:3      | Found a basalt altar of Yredelemnul.
  1487 | D:3      | Reached skill level 1 in Conjurations
  1487 | D:3      | Reached skill level 1 in Hexes
  1487 | D:3      | Reached skill level 1 in Summonings
  1487 | D:3      | Reached skill level 1 in Necromancy
  1487 | D:3      | Reached skill level 1 in Translocations
  1487 | D:3      | Reached skill level 1 in Transmutations
  1487 | D:3      | Reached skill level 1 in Fire Magic
  1487 | D:3      | Reached skill level 1 in Ice Magic
  1487 | D:3      | Reached skill level 1 in Air Magic
  1487 | D:3      | Reached skill level 1 in Earth Magic
  1487 | D:3      | Reached skill level 1 in Poison Magic
  2061 | D:4      | Found a hide-covered altar of Uskayaw.
  2064 | D:4      | Became a worshipper of Uskayaw the Reveller
  2065 | D:4      | Noticed Robin
  2125 | D:4      | Reached * piety under Uskayaw
  2140 | D:4      | Noticed a sky beast
  2143 | D:4      | Reached ** piety under Uskayaw
  2156 | D:4      | HP: 1/57 [something (4)]
  2157 | D:4      | Killed a sky beast
  2158 | D:4      | Reached XP level 5. HP: 2/43 MP: 1/7
  2316 | D:4      | Reached XP level 6. HP: 48/50 MP: 8/8
  2369 | D:4      | Killed Robin
  2372 | D:4      | Reached *** piety under Uskayaw
  2542 | D:4      | Found a sand-covered staircase.
  2551 | Ossuary  | Entered an ossuary
  2565 | Ossuary  | Reached skill level 5 in Fighting
  2565 | Ossuary  | Reached skill level 5 in Dodging
  2781 | Ossuary  | Reached **** piety under Uskayaw
  2882 | Ossuary  | Reached XP level 7. HP: 54/56 MP: 10/10
  3048 | D:4      | Found a shimmering altar of Xom.
  3178 | D:4      | Found a staircase to the Ecumenical Temple.
  3192 | Temple   | Entered the Ecumenical Temple
  3502 | D:4      | Found a white marble altar of Elyvilon.
  3612 | D:4      | Reached skill level 9 in Ranged Weapons
  4014 | D:5      | Entered Level 5 of the Dungeon
  4025 | D:5      | Reached ***** piety under Uskayaw
  4026 | D:5      | Reached XP level 8. HP: 63/63 MP: 12/12
  4253 | D:5      | Found a shadowy altar of Dithmenos.
  6181 | D:6      | Reached XP level 9. HP: 51/69 MP: 14/14
  6517 | D:7      | Found a shimmering blue altar of Sif Muna.
  6717 | D:7      | Found Umuwo's Book Boutique.
  7001 | D:7      | Noticed a troll
  7010 | D:7      | Killed a troll
  7011 | D:7      | Reached skill level 5 in Stealth
  7404 | D:8      | Reached skill level 5 in Invocations
  7884 | D:8      | Reached skill level 5 in Short Blades
  7884 | D:8      | Reached skill level 5 in Long Blades
  7884 | D:8      | Reached skill level 5 in Axes
  7884 | D:8      | Reached skill level 5 in Maces & Flails
  7884 | D:8      | Reached skill level 5 in Polearms
  7884 | D:8      | Reached skill level 5 in Staves
  7884 | D:8      | Reached skill level 5 in Throwing
  7884 | D:8      | Reached skill level 5 in Armour
  7884 | D:8      | Reached skill level 5 in Shields
  7884 | D:8      | Reached skill level 5 in Unarmed Combat
  7884 | D:8      | Reached skill level 5 in Spellcasting
  7884 | D:8      | Reached skill level 5 in Evocations
  7884 | D:8      | Reached XP level 10. HP: 15/77 MP: 5/17
  8405 | D:8      | Reached skill level 10 in Ranged Weapons
  8544 | D:9      | Found a staircase to the Lair.
  8713 | D:9      | Noticed a centaur warrior
  8997 | D:9      | Found a staircase to the Orcish Mines.
  9036 | D:9      | Noticed Psyche
  9045 | D:9      | Killed Psyche
  9634 | D:9      | Found Ahitog's Jewellery Emporium.
  9747 | D:9      | Identified the +5 rapier of Nightmares {flame, rN+ Int+3
                  | SInv}
  9803 | Lair:1   | Entered Level 1 of the Lair of Beasts
  9822 | Lair:1   | Noticed a cane toad
  9831 | Lair:1   | Killed a cane toad
  9929 | Lair:1   | Noticed a black mamba
  9942 | Lair:1   | Killed a black mamba
  9943 | Lair:1   | Reached skill level 5 in Conjurations
  9943 | Lair:1   | Reached skill level 5 in Hexes
  9943 | Lair:1   | Reached skill level 5 in Summonings
  9943 | Lair:1   | Reached skill level 5 in Necromancy
  9943 | Lair:1   | Reached skill level 5 in Translocations
  9943 | Lair:1   | Reached skill level 5 in Transmutations
  9943 | Lair:1   | Reached skill level 5 in Fire Magic
  9943 | Lair:1   | Reached skill level 5 in Ice Magic
  9943 | Lair:1   | Reached skill level 5 in Air Magic
  9943 | Lair:1   | Reached skill level 5 in Earth Magic
  9943 | Lair:1   | Reached skill level 5 in Poison Magic
 10188 | Lair:1   | Noticed a black mamba
 10193 | Lair:1   | Noticed a black mamba
 10208 | D:9      | Killed a black mamba
 10209 | D:9      | Reached XP level 11. HP: 28/85 MP: 9/20
 10220 | D:9      | Slain by a black mamba

Illustrated notes

Levels and vault maps discovered:
D:1:      dpeg_arrival_stone_temple_mockup, layout_basic, feat_on_display
D:2:      layout_rooms, basic_altar
D:3:      layout_basic, mainiacjoe_overflow_alcove_1,
          nicolae_vehumet_altar_sigil, kennysheep_generic_room_13
D:4:      layout_loops_ring, lemuel_tele_altar,
          mainiacjoe_overflow_small_starburst, kennysheep_mini,
          minmay_temple_entry_antechambers, nicolae_ossuary_entry_monument,
          uniq_robin
D:5:      layout_loops_ring, amcnicky_altar_gilded,
          chequers_serial_rivers_large_a
D:6:      layout_loops_corners
D:7:      layout_loops_cross, general_overflow_altar, serial_shops, shop
D:8:      layout_gridville
D:9:      layout_loops_ring, lair_entry_dummy, orc_0_dummy, serial_shops,
          nicolae_lakefront_shop, minmay_mirror_moons_of_madness, uniq_psyche
Temple:   regret_index_temple_generic_petals
Lair:1:   layout_long_grid, beast_lair_carwin_5, serial_bayou_shore_a,
          serial_bayou_shore_b

Skill      XL: |  1  2  3  4  5  6  7  8  9 10 |
---------------+-------------------------------+-----
Invocations    | 1 2 3 4 5 6 |  6.7
Short Blades   | 1 2 3 5 6 |  6.1
Long Blades    | 1 2 3 5 6 |  6.1
Axes           | 1 2 3 5 6 |  6.1
Maces & Flails | 1 2 3 5 6 |  6.1
Polearms       | 1 2 3 5 6 |  6.1
Staves         | 1 2 3 5 6 |  6.1
Throwing       | 1 2 3 5 6 |  6.1
Armour         | 1 2 3 5 6 |  6.1
Shields        | 1 2 3 5 6 |  6.1
Unarmed Combat | 1 2 3 5 6 |  6.1
Spellcasting   | 1 2 3 5 6 |  6.1
Evocations     | 1 2 3 5 6 |  6.1
Conjurations   | 1 2 3 4 5 |  5.0
Hexes          | 1 2 3 4 5 |  5.0
Summonings     | 1 2 3 4 5 |  5.0
Necromancy     | 1 2 3 4 5 |  5.0
Translocations | 1 2 3 4 5 |  5.0
Transmutations | 1 2 3 4 5 |  5.0
Fire Magic     | 1 2 3 4 5 |  5.0
Ice Magic      | 1 2 3 4 5 |  5.0
Air Magic      | 1 2 3 4 5 |  5.0
Earth Magic    | 1 2 3 4 5 |  5.0
Poison Magic   | 1 2 3 4 5 |  5.0
Stealth        | 3 4 5 6 |  6.6
Fighting       | 5 6 7 |  7.7
Dodging        | 5 6 7 |  7.7
Ranged Weapons | 9 10 | 10.5

Action                     |  1- 3 |  4- 6 |  7- 9 | 10-12 || total
---------------------------+-------+-------+-------+-------++-------
  Melee: Shortbow          |       |     8 |       |       ||     8
         Bite              |       |    14 |    21 |    15 ||    50
         Dagger            |       |    61 |   123 |       ||   184
         Punch             |       |     3 |     4 |       ||     7
         Falchion          |       |       |    72 |       ||    72
         Great sword       |       |       |    10 |   129 ||   139
   Fire: Shortbow          |    89 |   164 |   244 |    72 ||   569
    Use: Potion            |       |     2 |     3 |     9 ||    14
         Scroll            |       |       |     6 |     1 ||     7
   Stab: Paralysed         |       |     3 |     7 |     7 ||    17
 Armour: Leather armour    |     4 |    40 |    24 |       ||    68
         Ring mail         |       |       |    89 |    94 ||   183
  Dodge: Dodged            |    10 |    89 |   280 |   206 ||   585
